 Dungeon Crawl Stone Soup version 0.19.1-1-g22dce08 (webtiles) character file.

8185 Mesmaeker13 the Destroyer (level 11, -10/94 HPs)
             Began as a Black Draconian Wizard on Jan 8, 2017.
             Was a Follower of Sif Muna.
             Mangled by an ogre
             ... wielding a +0 giant club
              (31 damage)
             ... on level 9 of the Dungeon.
             The game lasted 00:32:28 (9365 turns).

Mesmaeker13 the Destroyer (Black Draconian Wizard)  Turns: 9365, Time: 00:32:28

Health: -10/94     AC:  9    Str: 10    XL:     11   Next: 6%
Magic:  16/26      EV: 15    Int: 21    God:    Sif Muna [*.....]
Gold:   316        SH:  0    Dex: 12    Spells: 3 memorised, 12 levels left

rFire  x . .     SeeInvis .     D - +5 hand axe of Yfiyw {protect, Dex+2}
rCold  + . .     Gourm    .     (armour unavailable)
rNeg   . . .     Faith    .     m - +0 buckler
rPois  .         Spirit   .     a - +0 hat
rElec  +         Reflect  .     o - +0 cloak
rCorr  .         Harm     .     F - +0 pair of gloves
MR     .....                    (no boots)
Stlth  +.........               G - amulet of magic regeneration
                                q - ring of magical power
                                x - ring of ice

@: confused
A: breathe lightning, unfitting armour, electricity resistance, cold-blooded, AC
+7
a: Breathe Lightning, Divine Energy, Renounce Religion


You were on level 9 of the Dungeon.
You worshipped Sif Muna.
Sif Muna was aware of your devotion.
You were hungry.

You visited 2 branches of the dungeon, and saw 10 of its levels.

You collected 533 gold pieces.
You spent 217 gold pieces at shops.

Inventory:

Hand Weapons
 f - a +4 scimitar of flaming
 y - a +3 trident
 D - the +5 hand axe of Yfiyw (weapon) {protect, Dex+2}
   (You found it on level 5 of the Dungeon)

   It protects the one who uses it against injury (+AC on strike).
   It affects your dexterity (+2).
Armour
 a - a +0 hat (worn)
 m - a +0 buckler (worn)
 o - a +0 cloak (worn)
 F - a +0 pair of gloves (worn)
Jewellery
 h - an uncursed ring of protection from magic {unknown}
 k - an uncursed ring of positive energy
 q - a ring of magical power (right hand)
 r - an uncursed ring of poison resistance {unknown}
 x - a ring of ice (left hand)
 G - an amulet of magic regeneration (around neck)
Wands
 C - a wand of flame (0/48)
 J - a wand of iceblast (0/15)
 K - a wand of flame (0/48)
Scrolls
 d - a scroll of enchant weapon
 i - a scroll of recharging
 j - 4 scrolls of remove curse
 p - 4 scrolls of fear
 u - a scroll of fog
 w - a scroll of blinking {unknown}
 B - 3 scrolls of magic mapping
 H - 3 scrolls of amnesia
 M - a scroll of summoning {unknown}
Potions
 e - a potion of curing
 g - 3 potions of haste
 l - a potion of brilliance {unknown}
 t - a potion of cancellation
 z - a potion of berserk rage {unknown}
 A - 3 potions of heal wounds {unknown}
 I - a potion of flight {unknown}
Books
 b - a book of Minor Magic

   Spells                             Type                      Level
   a - Magic Dart                     Conjuration                  1
   b - Blink                          Translocation                2
   c - Call Imp                       Summoning                    2
   d - Repel Missiles                 Charms/Air                   2
   e - Slow                           Hexes                        2
   f - Conjure Flame                  Conjuration/Fire             3
   g - Mephitic Cloud                 Conjuration/Poison/Air       3
 N - a book of Transfigurations

   Spells                             Type                      Level
   a - Irradiate                      Conjuration/Transmutation    5
   b - Statue Form                    Transmutation/Earth          6
   c - Hydra Form                     Transmutation                6
   d - Dragon Form                    Transmutation                7
Comestibles
 c - 3 bread rations
 n - 4 slices of pizza
 s - 2 meat rations
 v - 4 beef jerkies
 E - 6 chunks of flesh
 L - a royal jelly


   Skills:
 + Level 8.0 Fighting
 - Level 5.0 Axes
 + Level 7.0 Dodging
 - Level 1.7 Stealth
 - Level 5.0 Shields
 - Level 4.0 Spellcasting
 - Level 8.1 Conjurations
   Level 1.0 Summonings
   Level 1.0 Translocations
 - Level 7.0 Air Magic
 - Level 4.5 Poison Magic


You had 12 spell levels left.
You knew the following spells:

 Your Spells              Type           Power        Failure   Level  Hunger
a - Magic Dart            Conj           ####         1%          1    None
b - Mephitic Cloud        Conj/Pois/Air  ####....     2%          3    ###....
c - Repel Missiles        Chrm/Air       ###...       4%          2    #......


Dungeon Overview and Level Annotations

Branches:
Dungeon (9/15)             Temple (1/1) D:7            Lair (0/6) D:8
    Orc: D:9-12

Altars:
Ashenzari
Cheibriados
Dithmenos
Elyvilon
Fedhas
Gozag
Hepliaklqana
Kikubaaqudgha
Makhleb
Nemelex Xobeh
Okawaru
Qazlal
Ru
Sif Muna
Trog
Uskayaw
Vehumet
Xom
Yredelemnul
Zin
The Shining One

Shops:
D:5 =(:**   D:9 !!??


Innate Abilities, Weirdness & Mutations

You can breathe wild blasts of lightning.
Your glossy black scales are hard. (AC +7)
You cannot fit into any form of body armour.
You are resistant to electric shocks. (rElec)
You are cold-blooded and may be slowed by cold attacks.


Message History

The ettin is heavily wounded.
The stinking cloud engulfs you!
You are engulfed in noxious fumes.
You choke on the stench!
You are confused.
The ogre hits you with a giant club!
* * * LOW HITPOINT WARNING * * *
The ettin is engulfed in noxious fumes.
The ettin appears confused.
Unknown command.
You bump into the rock wall.
You are engulfed in noxious fumes.
You choke on the stench!
You are more confused.
* * * LOW HITPOINT WARNING * * *
The ettin is engulfed in noxious fumes.
The ogre barely misses you.
You bump into the rock wall.
You are engulfed in noxious fumes.
* * * LOW HITPOINT WARNING * * *
The ettin is engulfed in noxious fumes.
You're too confused to move!
You are engulfed in noxious fumes.
* * * LOW HITPOINT WARNING * * *
The ogre hits you with a giant club!!
You die...

#.### #.#.. #.#.###
# #.#.#)#)#)#
#.#.#.....#
#§§.C/)..)#
#§#.#...[.#
#C#.#(#)#(# #@#)###
# #O#.C......
#)#####'### #####
###.#..
####...######...#.#
..[........(.#.#.#
##...########.#.#
#...<# #.'.#
####....# #.#.#


You could see an ettin (confused) and an ogre.

Vanquished Creatures
  A great orb of eyes (D:8)
  Erica (D:9)
  Pikel (D:5)
  An orc knight (D:9)
  An orb spider (shapeshifter) (D:9)
  3 hornets
  A two-headed ogre (D:9)
  3 hippogriffs
  Sigmund (D:4)
  Grum (D:8)
  2 hungry ghosts
  A steam dragon (D:9)
  A warg (D:9)
  Menkaure (D:5)
  A hornet zombie (D:9)
  3 orc warriors
  A sky beast (D:9)
  4 slaves (D:5)
  An eye of draining (D:8)
  A necrophage (D:9)
  5 ogres
  4 wolves (D:8)
  3 centaurs
  A crocodile (D:9)
  5 bullfrogs
  3 scorpions
  4 killer bees
  3 howler monkeys
  4 wights
  2 crimson imps (D:9)
  A centaur zombie (D:9)
  4 hounds
  An orc priest (D:8)
  7 jellies
  4 bullfrog skeletons
  Jessica (D:3)
  2 iguanas
  2 orc wizards
  4 worker ants
  A hound skeleton (D:5)
  13 adders
  A river rat (D:8)
  3 shadow imps
  2 adder skeletons
  3 worms
  4 dart slugs
  4 leopard geckos
  27 orcs
  3 giant cockroaches
  6 goblins
  6 hobgoblins
  9 jackals
  4 kobolds
  A quokka (D:7)
  12 bats
  2 frilled lizards (D:1)
  A jackal skeleton (D:5)
  A leopard gecko zombie (D:8)
  9 rats
  9 fungi (D:8)
211 creatures vanquished.

Vanquished Creatures (others)
  2 fungi (D:8)
  A plant (D:8)
3 creatures vanquished.

Grand Total: 214 creatures vanquished

Notes
Turn   | Place    | Note
-------+----------+-------------------------------------------
     0 | D:1      | Mesmaeker13 the Draconian Wizard began the quest for the Orb.
     0 | D:1      | Reached XP level 1. HP: 14/14 MP: 4/4
   336 | D:1      | Reached XP level 2. HP: 16/20 MP: 1/6
  1333 | D:2      | Reached XP level 3. HP: 22/26 MP: 1/8
  1517 | D:2      | Learned a level 3 spell: Mephitic Cloud
  1819 | D:3      | Found a hazy altar of Hepliaklqana.
  1888 | D:3      | Reached XP level 4. HP: 28/33 MP: 10/10
  2129 | D:3      | Reached skill level 1 in Air Magic
  2784 | D:3      | Noticed Jessica
  2826 | D:3      | Killed Jessica
  2826 | D:3      | Reached skill level 1 in Shields
  2826 | D:3      | Reached skill level 1 in Poison Magic
  2826 | D:3      | Reached XP level 5. HP: 32/38 MP: 11/11
  2900 | D:3      | Found an iron altar of Okawaru.
  3268 | D:4      | Reached XP level 6. HP: 44/45 MP: 12/12
  3334 | D:4      | Noticed Sigmund
  3677 | D:4      | Killed Sigmund
  4339 | D:5      | Entered Level 5 of the Dungeon
  4364 | D:5      | Got a bloodstained hand axe
  4365 | D:5      | Identified the +5 hand axe of Yfiyw {protect, Dex+2} (You found it on level 5 of the Dungeon)
  4383 | D:4      | Your scales start taking on a glossy black colour.
  4383 | D:4      | Reached XP level 7. HP: 47/50 MP: 13/13
  4383 | D:4      | Gained mutation: You are resistant to electric shocks. (rElec) [Black Draconian growth]
  4555 | D:5      | Found Zuecru Feha's Assorted Antiques.
  4606 | D:5      | Bought a dented bone amulet for 135 gold pieces
  4959 | D:5      | Noticed Pikel
  4971 | D:5      | Noticed Menkaure
  5003 | D:5      | Killed Menkaure
  5089 | D:5      | Found Dus Terilak's Jewellery Shop.
  5230 | D:5      | Found Poheb's Assorted Antiques.
  5233 | D:5      | Bought a scroll labeled HAUL ZIDGHI for 30 gold pieces
  5334 | D:5      | Killed Pikel
  5334 | D:5      | Reached skill level 5 in Conjurations
  5334 | D:5      | Reached skill level 5 in Air Magic
  5334 | D:5      | Reached XP level 8. HP: 57/57 MP: 14/14
  5338 | D:5      | Learned a level 2 spell: Repel Missiles
  5392 | D:5      | Found Cestok's Book Shop.
  5395 | D:5      | Found Dubi's Antique Weapon Shop.
  5521 | D:6      | Found a sacrificial altar of Ru.
  5679 | D:6      | Reached skill level 5 in Shields
  5740 | D:6      | Found an ancient bone altar of Kikubaaqudgha.
  5987 | D:7      | Found a stormy altar of Qazlal.
  6061 | D:7      | Reached skill level 1 in Fighting
  6118 | D:7      | Found a white marble altar of Elyvilon.
  6181 | D:7      | Found a sparkling altar of Nemelex Xobeh.
  6351 | D:7      | Found a burning altar of Makhleb.
  6366 | D:7      | Reached XP level 9. HP: 50/64 MP: 15/15
  6397 | D:7      | Found a staircase to the Ecumenical Temple.
  6403 | Temple   | Entered the Ecumenical Temple
  7142 | D:8      | Found a deep blue altar of Sif Muna.
  7148 | D:8      | Became a worshipper of Sif Muna the Loreminder
  7164 | D:8      | Found a staircase to the Lair.
  7376 | D:8      | Noticed Grum
  7380 | D:8      | Reached skill level 1 in Axes
  7396 | D:8      | Killed Grum
  7770 | D:9      | Found Xoelijodu's Distillery.
  7770 | D:9      | Found Caprigh's Distillery.
  7851 | D:9      | Reached XP level 10. HP: 77/80 MP: 16/16
  7905 | D:9      | Noticed Erica
  7934 | D:9      | Killed Erica
  7934 | D:9      | Reached skill level 5 in Fighting
  7934 | D:9      | Reached skill level 5 in Dodging
  7954 | D:9      | Reached * piety under Sif Muna
  7956 | D:9      | Noticed a great orb of eyes
  7966 | D:9      | Noticed an orb spider
  7985 | D:8      | Killed a great orb of eyes
  8281 | D:9      | Killed an orb spider
  8563 | D:8      | Reached skill level 5 in Axes
  9014 | D:9      | Found Qyboim's Magic Scroll Boutique.
  9015 | D:9      | Found Ydun's Magic Scroll Shoppe.
  9044 | D:9      | Bought a scroll of identify for 26 gold pieces
  9053 | D:9      | Bought a scroll of identify for 26 gold pieces
  9173 | D:9      | Noticed an orc knight
  9242 | D:9      | Killed an orc knight
  9254 | D:9      | Reached XP level 11. HP: 68/94 MP: 17/17
  9303 | D:9      | Noticed an ettin
  9365 | D:9      | Mangled by an ogre

Skill      XL: |  1  2  3  4  5  6  7  8  9 10 11 |
---------------+----------------------------------+-----
Conjurations   | 2 3 4 5 6 7 8 |  8.1
Spellcasting   | 4 |  4.0
Air Magic      | 1 2 3 5 6 7 |  7.0
Shields        | 1 2 3 4 5 |  5.0
Poison Magic   | 1 2 4 |  4.5
Dodging        | 2 4 6 7 |  7.0
Fighting       | 1 4 7 8 |  8.0
Axes           | 3 5 |  5.0
Stealth        | |  1.7
Summonings     | |  1.0
Translocations | |  1.0

Action                   |  1- 3 |  4- 6 |  7- 9 | 10-12 || total
-------------------------+-------+-------+-------+-------++-------
Melee: Mace              |    10 |       |       |       ||    10
       Hand axe          |    69 |   134 |   376 |   173 ||   752
       Tailslap          |     5 |    12 |    48 |    26 ||    91
       Trident           |       |     6 |       |       ||     6
 Cast: Magic Dart        |    47 |    48 |    71 |    64 ||   230
       Mephitic Cloud    |     1 |     9 |    26 |    34 ||    70
 Abil: Breathe Lightning |       |       |       |     2 ||     2
Evoke: Wand              |       |       |    27 |    14 ||    41
  Use: Scroll            |       |     4 |     3 |     4 ||    11
       Potion            |       |     1 |     1 |     1 ||     3
 Stab: Confused          |     1 |     2 |    11 |     7 ||    21
       Sleeping          |       |       |     3 |       ||     3
       Distracted        |       |       |     1 |       ||     1
  Eat: Chunk             |     3 |     8 |    10 |     4 ||    25
       Bread ration      |       |       |     1 |     1 ||     2
Armor: Skin              |    38 |    33 |   130 |    55 ||   256
Dodge: Dodged            |    63 |    77 |   187 |    95 ||   422
Block: Buckler           |       |       |    62 |    44 ||   106
